 Dungeon Crawl Stone Soup version 0.29-a0-275-g389c0b56f3 (webtiles) character file.

Game seed: 18282743288314113799

511 jlumianski the Chopper (level 6, 0/48 HPs)
             Began as a Demonspawn Fighter on Mar 11, 2022.
             Slain by Pikel
             ... wielding a +1 whip of electrocution
              (12 damage)
             ... on level 2 of the Dungeon.
             The game lasted 00:21:45 (4112 turns).

jlumianski the Chopper (Demonspawn Fighter)         Turns: 4112, Time: 00:21:45

Health: 0/48       AC: 14    Str: 18    XL:     6   Next: 99%
Magic:  6/6        EV:  9    Int: 10    God:
Gold:   212        SH: 13    Dex: 18    Spells: 5/5 levels left

rFire   . . .      SeeInvis .   a - +1 war axe
rCold   . . .      Faith    .   c - +0 buckler
rNeg    . . .      Spirit   .   b - +0 scale mail
rPois   +          Reflect  .   r - +2 helmet
rElec   .          Harm     .   (no cloak)
rCorr   .          Rampage  .   (no gloves)
Will    .....                   (no boots)
Stlth   ..........              (no amulet)
HPRegen 0.16/turn               p - +6 ring of dexterity
MPRegen 0.20/turn               n - ring of poison resistance

@: about to teleport
A: large bone plates 1, icemail 1, magic regeneration, condensation shield
a: no special abilities


You were on level 2 of the Dungeon.
You visited 1 branch of the dungeon, and saw 4 of its levels.

You collected 212 gold pieces.

Inventory:

Hand Weapons
 a - a +1 war axe (weapon)
Missiles
 g - 87 stones (quivered)
 v - 3 atropa-tipped darts
Armour
 b - a +0 scale mail (worn)
 c - a +0 buckler (worn)
 d - the +2 leather armour of the Blacksmith {rF++ Will- Dex+3 Stlth+}
   (You took it off an orc on level 3 of the Dungeon)

   Dex:       It affects your dexterity (+3).
   rF:        It greatly protects you from fire.
   Will:      It decreases your willpower.
   Stlth:     It makes you more stealthy.
 r - a +2 helmet (worn)
 s - the +2 leather armour "Qegryforud" {rC+ Will+}
   (You found it on level 2 of the Dungeon)

   rC:        It protects you from cold.
   Will:      It increases your willpower.
 t - a scarf of harm
Magical Staves
 o - a staff of air
Jewellery
 h - a ring of protection from cold
 n - a ring of poison resistance (right hand)
 p - a +6 ring of dexterity (left hand)
Wands
 m - a wand of iceblast (21)
Scrolls
 f - a scroll of noise
 j - 3 scrolls of immolation
Potions
 e - a potion of flight
 l - 2 potions of curing
 q - a potion of lignification
 w - a potion of mutation


   Skills:
 + Level 3.6 Fighting
 + Level 4.7 Axes
 + Level 3.9 Armour
 + Level 1.2 Dodging
 + Level 0.1 Stealth
 + Level 4.1 Shields


You had 5 spell levels left.
You didn't know any spells.
Your spell library contained the following spells:

 Spells                   Type           Power      Damage    Failure   Level
 Petrify                  Tmut/Erth      0%         N/A       100%        4
 Metabolic Englaciation   Hex/Ice        0%         N/A       100%        5
 Statue Form              Tmut/Erth      0%         N/A       100%        6


Dungeon Overview and Level Annotations

Branches:
Dungeon (4/15)
 Temple: D:4-7

Altars:
Gozag
Hepliaklqana
Makhleb
Ru
Xom
Beogh

Annotations:
D:2 1 runed translucent door, Crazy Yiuf, Pikel


Innate Abilities, Weirdness & Mutations

You are partially covered in large bone plates. (SH +4)
A meltable icy envelope protects you from harm. (AC +4)
You regenerate magic rapidly.
A meltable shield of frost defends you. (SH +4)


Message History

Pikel hits you with a +1 whip of electrocution.
You are electrocuted!
You closely miss Pikel.
Pikel is lightly wounded.
You block Pikel's attack. Pikel attacks as you move away!
You block Pikel's attack. Pikel attacks as you move away!
You block Pikel's attack. Pikel attacks as you move away!
Pikel hits you with a +1 whip of electrocution!
There is a stone staircase leading up here.
You block Pikel's attack.
You climb upwards.
Level annotation: 1 runed translucent door, Crazy Yiuf
There is a stone staircase leading down here.
Pikel hits you but does no damage. Pikel attacks as you move away!
Pikel hits you with a +1 whip of electrocution.
Pikel says, "I'm sure they'll be treated well, anyway."
Pikel attacks as you move away! You block Pikel's attack.
Pikel attacks as you move away! You block Pikel's attack.
Pikel attacks as you move away!
Pikel hits you with a +1 whip of electrocution!
* * * LOW HITPOINT WARNING * * *
You feel better. Pikel barely misses you.
Aiming: Iceblast
Press: ? - help, Shift-Dir - straight line, f - Pikel
Aim: Pikel, wielding a +1 whip of electrocution and wearing a +2 robe of willpower (lightly wounded) That beam is likely to hit you.
Continue anyway?
The mass of ice explodes!
The iceblast engulfs Pikel!
Pikel is moderately wounded.
The iceblast engulfs you.
Pikel hits you with a +1 whip of electrocution.
* * * LOW HITPOINT WARNING * * *
As you read the scroll of teleportation, it crumbles to dust.
You feel strangely unstable. Pikel closely misses you.
Pikel attacks as you move away!
Pikel hits you with a +1 whip of electrocution.
* * * LOW HITPOINT WARNING * * *
You are electrocuted!
You die...

.#............#..### #.#
................>..# #.#
##............##.#.# #.#
#............##.#.# #.#
#............##.#.#######.#
#######.########.#.........#
#.........)....#.###########
#.......######.#K# #.......#
#.#@# #.......# #.#.#
#.......#
#.#.################
#.......#
#.#.......†.........
#.......#
#.##################
#.......# #.........#
#.......# #########.#
######### #.# #.##########


You could see Pikel.

Vanquished Creatures
  The ghost of sammy202020 the Skirmisher, an amateur PaBe of Trog (D:3)
  A black bear (D:2)
  An ogre (D:3)
  2 lemures (D:3)
  Ijyb (D:3)
  2 orc wizards (D:3)
  A gnoll (D:1)
  An adder (D:3)
  2 worms (D:2)
  A dart slug (D:2)
  8 orcs
  8 ball pythons
  7 endoplasms
  5 giant cockroaches
  7 hobgoblins
  4 jackals (D:1)
  8 bats
  3 frilled lizards
  7 goblins
  9 kobolds
  14 rats
93 creatures vanquished.

Vanquished Creatures (others)
  A plant (D:1)
1 creature vanquished.

Grand Total: 94 creatures vanquished

Notes
Turn   | Place    | Note
-------+----------+-------------------------------------------
     0 | D:1      | jlumianski the Demonspawn Fighter began the quest for the
                  | Orb.
     0 | D:1      | Reached XP level 1. HP: 18/18 MP: 1/1
   291 | D:1      | Found a faded altar of an unknown god.
   328 | D:1      | Gained mutation: A meltable shield of frost defends you.
                  | (SH +4) [demonic ancestry]
   328 | D:1      | Reached XP level 2. HP: 24/24 MP: 2/2
   655 | D:1      | Reached XP level 3. HP: 29/29 MP: 3/3
  1398 | D:2      | Gained mutation: A meltable icy envelope protects you from
                  | harm. (AC +4) [demonic ancestry]
  1398 | D:2      | Reached XP level 4. HP: 31/35 MP: 4/4
  2111 | D:2      | You fall into a shaft and drop 2 floors!
  2116 | D:4      | Noticed a lemure
  2116 | D:4      | Noticed a lemure
  2116 | D:4      | Noticed a lemure
  2116 | D:4      | Noticed an ogre
  2116 | D:4      | Noticed Pikel
  2147 | D:3      | Killed a lemure
  2462 | D:2      | Found a runed translucent door.
  2463 | D:2      | Noticed Crazy Yiuf
  2679 | D:2      | Identified the +2 leather armour "Qegryforud" {rC+ Will+}
  2702 | D:2      | Noticed a black bear
  2710 | D:2      | Killed a black bear
  2711 | D:2      | Gained mutation: You are partially covered in large bone
                  | plates. (SH +4) [demonic ancestry]
  2711 | D:2      | Reached XP level 5. HP: 33/41 MP: 5/5
  2945 | D:3      | Found a runed translucent gate.
  2945 | D:3      | Found a runed translucent gate.
  2945 | D:3      | Found a runed translucent gate.
  2948 | D:3      | Identified the +6 dagger "Dag Meso" {holy, rPois rC+}
  2948 | D:3      | Identified the +2 leather armour of the Blacksmith {rF++
                  | Will- Dex+3 Stlth+}
  2949 | D:3      | Noticed sammy202020's ghost (amateur PaBe)
  2985 | D:3      | Killed sammy202020's ghost
  2986 | D:3      | Reached skill level 1 in Dodging
  2986 | D:3      | Gained mutation: You regenerate magic rapidly. [demonic
                  | ancestry]
  2986 | D:3      | Reached XP level 6. HP: 33/47 MP: 6/6
  3033 | D:3      | Found a shimmering altar of Xom.
  3174 | D:4      | Noticed Ijyb
  3249 | D:3      | Found an opulent altar of Gozag.
  3399 | D:3      | Found a sacrificial altar of Ru.
  3520 | D:3      | Found a faded altar of an unknown god.
  3523 | D:3      | Found a hazy altar of Hepliaklqana.
  3629 | D:3      | Found a burning altar of Makhleb.
  3629 | D:3      | Noticed a cacodemon
  3632 | D:3      | Noticed a ynoxinul
  3632 | D:3      | Noticed a hellwing
  3936 | D:3      | Killed Ijyb
  4112 | D:2      | Slain by Pikel

Illustrated notes

Levels and vault maps discovered:
D:1:      dpeg_cavernosity, layout_basic,
          shapermc_ecumenical_altar_mp_ritualfount, minmay_rat_gold_closets
D:2:      layout_basic, uniq_crazy_yiuf_cottage
D:3:      layout_loops_ring, amcnicky_altar_gilded, makhleb_altar_promises_db,
          nicolae_ru_great_annihilating_truth,
          beargit_hepliaklqana_dungeon_heroes, xom_teletrap_fun,
          biasface_ghost_orc_armoury, grunt_decor_clamped
D:4:      layout_cave_pools, lightli_corner_chamber, uniq_robin, uniq_ijyb,
          uniq_pikel

Skill      XL: |  1  2  3  4  5  6 |
---------------+-------------------+-----
Axes           | 2 3 4 |  4.7
Armour         | 3 |  3.9
Shields        | 3 4 |  4.1
Dodging        | 1 |  1.2
Fighting       | |  3.6
Stealth        | |  0.1

Action                   |  1- 3 |  4- 6 || total
-------------------------+-------+-------++-------
Melee: War axe           |   135 |   165 ||   300
Evoke: Wand              |       |     1 ||     1
  Use: Potion            |       |     5 ||     5
       Scroll            |       |    10 ||    10
 Stab: Paralysed         |       |     1 ||     1
Armor: Scale mail        |    66 |   105 ||   171
Dodge: Dodged            |    53 |    89 ||   142
Block: Buckler           |    63 |   133 ||   196

Table legend: (Time is in decaauts)
 A = Elapsed time spent in this place.
 B = Non-inter-level travel time spent in this place.
 C = Inter-level travel time spent in this place.
 D = Time resting spent in this place.
 E = Time spent auto-exploring this place.
 F = Levels seen in this place.
 G = Mean time per level.
                   A        B        C        D        E       F      G
               +--------+--------+--------+--------+--------+-----+--------+
         Total |   4238 |   4094 |    144 |    319 |   2394 |   4 | 1059.5 |
       Dungeon |   4238 |   4094 |    144 |    319 |   2394 |   4 | 1059.5 |
               +--------+--------+--------+--------+--------+-----+--------+

Top non-repeatable levels by time:
     D:2: 1632 daAuts
     D:1: 1289 daAuts
     D:3: 1265 daAuts
     D:4: 51 daAuts
